VEGAS vs CALGARY

Created - April 9, 2021 at 11:07

Goals
1 2 3 T
VEGAS 1 1 0 2
CALGARY 1 1 2 4
Shots
1 2 3 T
VEGAS 13 6 7 26
CALGARY 10 8 8 26

1st period

1. VEGAS , Oliver Bjorkstrand 20 (Sam Reinhart 34, Brent Seabrook 17) at 0:37
2. CALGARY , Chris Tierney 8 (Mitchell Marner 22, Zach Bogosian 7) at 1:11

Penalties :
Devon Toews (VGK) for Holding (Minor) at 1:44, Jack Campbell (CGY) for Slashing (Minor) at 5:18 - Jaccob Slavin served the penalty., Derick Brassard (CGY) for Holding (Minor) at 11:57, Mikhail Sergachev (CGY) for Fighting (Major) at 13:22, Josh Anderson (VGK) for Fighting (Major) at 13:22, Mikhail Sergachev (CGY) for instigated a fight (Game Misconduct) at 13:22, Chris Tierney (CGY) for Fighting (Major) at 13:22, Nick Holden (VGK) for Fighting (Major) at 13:22, Zach Bogosian (CGY) for Roughing (Minor) at 13:22, Kyle Turris (VGK) for Roughing (Minor) at 13:22, Tyler Bertuzzi (CGY) for Slashing (Minor) at 13:22

2nd period

3. VEGAS , Kyle Turris 8 (Josh Anderson 10, Nick Holden 22) at 5:50 (PP)
4. CALGARY , Tyler Bertuzzi 9 (Jaccob Slavin 26, Derick Brassard 8) at 8:42

Penalties :
Zach Bogosian (CGY) for Holding (Minor) at 4:56, Devon Toews (VGK) for Interference (Minor) at 13:25

3rd period

5. CALGARY , Jamie Benn 15 (Patrik Laine 9, Elias Pettersson 14) at 6:19
6. CALGARY , Chris Tierney 9 (Patrik Laine 10, Elias Pettersson 15) at 19:48 (PP)

Penalties :
Josh Anderson (VGK) for Interference (Minor) at 18:14

Goalie Stats

Braden Holtby (VGK), 22 saves from 26 shots - (0.846), L, 24-21-4, 60:00 minutes
Jack Campbell (CGY), 24 saves from 26 shots - (0.923), W, 13-8-3, 60:00 minutes

Players Stats for VEGAS

Player Name              G  A  P  +/- PIM S  H  SB GA TA FO     MP     PP MP  PK MP  
------------------------------------------------------------------------------------
Alexander Kerfoot        0  0  0  -1  0   0  1  0  0  0  6/10   12:56   0:58   0:00 
Brent Seabrook           0  1  1   0  0   3  1  2  0  0  0/0    24:19   3:19   3:35 
Brock Nelson             0  0  0   0  0   5  1  0  0  0  16/33  22:19   2:59   3:18 
Cody Glass               0  0  0   0  0   1  0  0  0  0  2/6     5:35   0:00   0:00 
Daniel Sprong            0  0  0  -1  0   0  0  0  0  0  1/3    17:54   3:18   0:00 
Devon Toews              0  0  0  -1  4   3  0  2  0  0  0/0    20:17   2:58   0:26 
Jayce Hawryluk           0  0  0  -1  0   0  1  0  0  0  0/0    11:58   0:00   0:00 
Josh Anderson            0  1  1  -1  7   2  2  0  0  0  0/0    16:18   2:19   0:00 
Kyle Turris              1  0  1  -1  2   4  0  0  0  0  17/21  18:34   2:19   1:39 
Matt Luff                0  0  0   0  0   1  0  0  0  0  0/1     5:35   0:00   0:00 
Max Comtois              0  0  0  -1  0   1  1  0  0  0  0/1    12:33   0:00   0:35 
Mikhail Grigorenko       0  0  0   0  0   0  0  0  0  0  1/1     5:35   0:00   0:00 
Nick Holden              0  1  1  -1  5   0  1  0  0  0  0/0    19:23   1:56   2:22 
Nikita Zadorov           0  0  0   0  0   2  3  1  0  0  0/0    23:54   3:19   3:10 
Oliver Bjorkstrand       1  0  1   0  0   1  3  0  0  0  1/1    21:15   2:59   2:14 
Sam Reinhart             0  1  1   0  0   1  0  0  0  0  0/0    22:19   2:59   3:18 
Slater Koekkoek          0  0  0  -1  0   0  0  0  0  0  0/0    16:09   0:00   1:31 
Stephen Johns            0  0  0  -1  0   2  2  1  0  0  0/0    15:55   1:01   0:00 
Victor Rask              0  0  0   0  0   0  1  0  0  0  0/2     1:34   0:58   0:00 

Players Stats for CALGARY

Player Name              G  A  P  +/- PIM S  H  SB GA TA FO     MP     PP MP  PK MP  
------------------------------------------------------------------------------------
Blake Coleman            0  0  0   1  0   1  1  0  0  0  3/6    13:56   0:44   4:11 
Brock Boeser             0  0  0   1  0   0  1  0  0  0  0/2    19:04   2:12   0:00 
Chris Tierney            2  0  2   1  5   7  0  0  0  0  11/16  19:43   2:05   1:35 
Derick Brassard          0  1  1   1  2   1  1  1  0  0  5/11    9:53   0:38   0:03 
Drake Caggiula           0  0  0   0  0   1  3  0  0  0  0/0     9:32   0:32   0:00 
Elias Pettersson         0  2  2   0  0   3  0  0  0  0  2/8    19:23   2:48   0:51 
Jaccob Slavin            0  1  1   1  0   2  2  0  0  0  0/0    25:25   2:48   2:58 
Jake Gardiner            0  0  0   1  0   1  3  0  0  0  0/0    21:26   1:28   0:16 
Jamie Benn               1  0  1   0  0   5  2  0  0  0  12/27  20:00   1:34   2:42 
Joel Kellman             0  0  0   0  0   0  0  0  0  0  1/7     6:59   0:00   0:00 
Markus Nutivaara         0  0  0   1  0   0  1  3  0  0  0/0    21:41   0:33   2:56 
Matt Nieto               0  0  0   0  0   1  0  0  0  0  0/0     6:59   0:00   0:00 
Mikhail Sergachev        0  0  0   0  17  0  1  0  0  0  0/0     4:54   0:41   1:31 
Mitchell Marner          0  1  1   1  0   1  0  1  0  0  0/1    20:00   3:08   0:00 
Patrik Laine             0  2  2   0  0   1  3  0  0  0  0/0    18:32   2:48   0:00 
Rasmus Dahlin            0  0  0   0  0   1  4  1  0  0  0/0    24:16   2:56   3:29 
Tyler Bertuzzi           1  0  1   1  2   1  0  0  0  0  1/1    11:59   2:12   1:11 
Zach Bogosian            0  1  1   1  4   0  4  2  0  0  0/0    17:56   0:33   1:22 

3 Stars

1 - Patrik Laine (CGY)
2 - Jamie Benn (CGY)
3 - Chris Tierney (CGY)

Power Play

VEGAS - 1 on 5 Attempt(s) - 20.00%
CALGARY - 1 on 3 Attempt(s) - 33.33%

Penalty Kill

VEGAS - 2 on 3 Attempt(s) - 66.67% - Score 0 goal in Penalty Kill
CALGARY - 4 on 5 Attempt(s) - 80.00% - Score 0 goal in Penalty Kill

Team Stat

VEGAS - Hits : 17 - Faceoff Wins : 44 - Blocked Shots : 6 - Penalty Minutes : 18
CALGARY - Hits : 26 - Faceoff Wins : 35 - Blocked Shots : 8 - Penalty Minutes : 32

Official

Referees : Alex McNeil and Manny Channa
Linesman : Jeff Walker and Glen Cooke

Game Notes

General Fight at 13:22 of 1st period
Mikhail Sergachev beats up Josh Anderson at 13:22 of 1st period
Mikhail Sergachev ejected from game at 13:22 of 1st period
Chris Tierney and Nick Holden fight to a draw at 13:22 of 1st period
Zach Bogosian is injured at 16:28 of 3rd period (Bruised Right Shoulder)

Finance

Level 1 -- Attendance: 5543 (92.38%) -- Ticket Income $443,440
Level 2 -- Attendance: 5000 (100.00%) -- Ticket Income $250,000
Level 3 -- Attendance: 2000 (100.00%) -- Ticket Income $60,000
Level 4 -- Attendance: 4000 (100.00%) -- Ticket Income $40,000
Luxury Box -- Attendance: 1000 (100.00%) -- Ticket Income $175,000
Game was played at the Saddledome.
Total Attendance: 17543 (97.46%)
Total Ticket Income: $968,440
Total Income: $968,440

VEGAS

5 vs 5 Forward 
   Center                   Left Wing                Right Wing               Time % Phy DF OF 
 1 Brock Nelson             Oliver Bjorkstrand       Sam Reinhart             35     1   2  2  
 2 Kyle Turris              Josh Anderson            Daniel Sprong            30     1   2  2  
 3 Alexander Kerfoot        Max Comtois              Jayce Hawryluk           25     1   2  2  
 4 Cody Glass               Mikhail Grigorenko       Matt Luff                10     1   2  2  

5 vs 5 Defense 
   Defense                  Defense                                           Time % Phy DF OF 
 1 Brent Seabrook           Nikita Zadorov                                    35     1   2  2  
 2 Nick Holden              Devon Toews                                       30     1   2  2  
 3 Stephen Johns            Slater Koekkoek                                   25     1   2  2  
 4 Brent Seabrook           Nikita Zadorov                                    10     1   2  2  

PowerPlay Forward 
   Center                   Left Wing                Right Wing               Time % Phy DF OF 
 1 Brock Nelson             Oliver Bjorkstrand       Sam Reinhart             60     1   2  2  
 2 Kyle Turris              Josh Anderson            Daniel Sprong            40     1   2  2  

PowerPlay Defense
   Defense                  Defense                                           Time % Phy DF OF 
 1 Brent Seabrook           Nikita Zadorov                                    60     1   2  2  
 2 Nick Holden              Devon Toews                                       40     1   2  2  

Penalty Kill 4 Players Forward 
   Center                   Wing                     Time % Phy DF OF 
 1 Brock Nelson             Sam Reinhart             60     1   2  2  
 2 Oliver Bjorkstrand       Kyle Turris              40     1   2  2  

Penalty Kill 4 Players Defense
   Defense                  Defense                  Time % Phy DF OF 
 1 Brent Seabrook           Nikita Zadorov           60     1   2  2  
 2 Nick Holden              Devon Toews              40     1   2  2  

Penalty Kill - 3 Players Forward 
   Forward                                           Time % Phy DF OF 
 1 Brock Nelson                                      60     1   2  2  
 2 Sam Reinhart                                      40     1   2  2  

Penalty Kill - 3 Players Defense
   Defense                  Defense                  Time % Phy DF OF 
 1 Brent Seabrook           Nikita Zadorov           60     1   2  2  
 2 Nick Holden              Devon Toews              40     1   2  2  

4 vs 4 Forward 
   Center                   Wing                     Time % Phy DF OF 
 1 Brock Nelson             Sam Reinhart             60     1   2  2  
 2 Oliver Bjorkstrand       Kyle Turris              40     1   2  2  

4 vs 4 Defense
   Defense                  Defense                  Time % Phy DF OF 
 1 Brent Seabrook           Nikita Zadorov           60     1   2  2  
 2 Nick Holden              Devon Toews              40     1   2  2  

Last Minutes Offensive
   Center                   Left Wing                Right Wing               Defense                  Defense                  
   Brock Nelson             Oliver Bjorkstrand       Sam Reinhart             Brent Seabrook           Nikita Zadorov           

Last Minutes Defensive
   Center                   Left Wing                Right Wing               Defense                  Defense                  
   Brock Nelson             Oliver Bjorkstrand       Sam Reinhart             Brent Seabrook           Nikita Zadorov           

Goaltenders
Starting : Braden Holtby            
Backup : Tristan Jarry            

Extra Forwards
Normal : Victor Rask, Alexander Kerfoot, Max Comtois - PP : Victor Rask, Alexander Kerfoot - PK : Max Comtois
Extra Defensemen
Normal : Stephen Johns, Slater Koekkoek, Nick Holden - PP : Stephen Johns - PK : Slater Koekkoek, Nick Holden
Penalty Shots
Brock Nelson, Sam Reinhart, Oliver Bjorkstrand, Kyle Turris, Josh Anderson

Scratches
Jack Johnson (Healthy), VGK Cap Hit (Suspend), Michael Grabner (Healthy)

CALGARY

5 vs 5 Forward 
   Center                   Left Wing                Right Wing               Time % Phy DF OF 
 1 Jamie Benn               Elias Pettersson         Patrik Laine             40     1   1  3  
 2 Chris Tierney            Mitchell Marner          Brock Boeser             40     1   1  3  
 3 Derick Brassard          Tyler Bertuzzi           Blake Coleman            11     1   2  2  
 4 Joel Kellman             Matt Nieto               Drake Caggiula           9      2   3  0  

5 vs 5 Defense 
   Defense                  Defense                                           Time % Phy DF OF 
 1 Jaccob Slavin            Rasmus Dahlin                                     35     1   1  3  
 2 Jake Gardiner            Mikhail Sergachev                                 30     1   2  2  
 3 Markus Nutivaara         Zach Bogosian                                     25     3   2  0  
 4 Rasmus Dahlin            Jaccob Slavin                                     10     1   2  2  

PowerPlay Forward 
   Center                   Left Wing                Right Wing               Time % Phy DF OF 
 1 Elias Pettersson         Patrik Laine             Mitchell Marner          62     0   1  4  
 2 Jamie Benn               Tyler Bertuzzi           Brock Boeser             38     0   1  4  

PowerPlay Defense
   Defense                  Defense                                           Time % Phy DF OF 
 1 Mikhail Sergachev        Jaccob Slavin                                     64     1   2  2  
 2 Chris Tierney            Rasmus Dahlin                                     36     1   2  2  

Penalty Kill 4 Players Forward 
   Center                   Wing                     Time % Phy DF OF 
 1 Jamie Benn               Blake Coleman            60     1   4  0  
 2 Chris Tierney            Tyler Bertuzzi           40     1   4  0  

Penalty Kill 4 Players Defense
   Defense                  Defense                  Time % Phy DF OF 
 1 Jaccob Slavin            Rasmus Dahlin            60     1   4  0  
 2 Zach Bogosian            Mikhail Sergachev        40     1   4  0  

Penalty Kill - 3 Players Forward 
   Forward                                           Time % Phy DF OF 
 1 Blake Coleman                                     60     1   4  0  
 2 Chris Tierney                                     40     1   4  0  

Penalty Kill - 3 Players Defense
   Defense                  Defense                  Time % Phy DF OF 
 1 Jaccob Slavin            Rasmus Dahlin            60     1   4  0  
 2 Zach Bogosian            Mikhail Sergachev        40     1   4  0  

4 vs 4 Forward 
   Center                   Wing                     Time % Phy DF OF 
 1 Elias Pettersson         Patrik Laine             60     1   1  3  
 2 Jamie Benn               Mitchell Marner          40     1   1  3  

4 vs 4 Defense
   Defense                  Defense                  Time % Phy DF OF 
 1 Jaccob Slavin            Rasmus Dahlin            60     0   1  4  
 2 Tyler Bertuzzi           Mikhail Sergachev        40     0   1  4  

Last Minutes Offensive
   Center                   Left Wing                Right Wing               Defense                  Defense                  
   Jamie Benn               Brock Boeser             Mitchell Marner          Jaccob Slavin            Rasmus Dahlin            

Last Minutes Defensive
   Center                   Left Wing                Right Wing               Defense                  Defense                  
   Jamie Benn               Elias Pettersson         Mitchell Marner          Jaccob Slavin            Rasmus Dahlin            

Goaltenders
Starting : Jack Campbell            
Backup : Anders Nilsson           

Extra Forwards
Normal : Chris Tierney, Blake Coleman, Derick Brassard - PP : Chris Tierney, Blake Coleman - PK : Elias Pettersson
Extra Defensemen
Normal : Jake Gardiner, Jaccob Slavin, Rasmus Dahlin - PP : Jake Gardiner - PK : Markus Nutivaara, Mikhail Sergachev
Penalty Shots
Mitchell Marner, Jamie Benn, Elias Pettersson, Brock Boeser, Patrik Laine

Scratches
CGY Cap Hit (Suspend), Shane Bowers (Healthy)

% Time on Ice - VEGAS

Lines # - Real PCT - Wanted PCT - Time Play
Normal Forward
1 - 33% - 35% - 16:02
2 - 30% - 30% - 14:36
3 - 25% - 25% - 11:58
4 - 12% - 10% - 5:35
Normal Defense
1 - 33% - 35% - 15:53
2 - 35% - 30% - 16:55
3 - 29% - 25% - 13:51
4 - 3% - 10% - 1:32
PP Forward
1 - 47% - 60% - 2:59
2 - 53% - 40% - 3:18
PP Defense
1 - 53% - 60% - 3:19
2 - 47% - 40% - 2:58
PK Forward
1 - 70% - 60% - 3:53
2 - 30% - 40% - 1:39
PK Defense
1 - 57% - 60% - 3:10
2 - 43% - 40% - 2:22
PK3 Forward
1 - 0% - 60%
2 - 0% - 40%
PK3 Defense
1 - 0% - 60%
2 - 0% - 40%
44 Forward
1 - 0% - 60%
2 - 0% - 40%
44 Defense
1 - 0% - 60%
2 - 0% - 40%
Last Minute Offensive  - 0:00
Last Minute Defensive  - 0:00
Total
Forward - 60:00
Defense - 60:00

% Time on Ice - CALGARY

Lines # - Real PCT - Wanted PCT - Time Play
Normal Forward
1 - 33% - 40% - 15:44
2 - 35% - 40% - 16:52
3 - 18% - 11% - 8:36
4 - 14% - 9% - 6:59
Normal Defense
1 - 31% - 35% - 14:53
2 - 43% - 30% - 20:29
3 - 26% - 25% - 12:40
4 - 0% - 10% - 0:09
PP Forward
1 - 60% - 62% - 3:20
2 - 40% - 38% - 2:12
PP Defense
1 - 72% - 64% - 3:59
2 - 28% - 36% - 1:33
PK Forward
1 - 72% - 60% - 3:06
2 - 28% - 40% - 1:12
PK Defense
1 - 47% - 60% - 2:01
2 - 53% - 40% - 2:17
PK3 Forward
1 - 55% - 60% - 1:05
2 - 45% - 40% - 0:54
PK3 Defense
1 - 33% - 60% - 0:39
2 - 67% - 40% - 1:20
44 Forward
1 - 0% - 60%
2 - 0% - 40%
44 Defense
1 - 0% - 60%
2 - 0% - 40%
Last Minute Offensive  - 0:00
Last Minute Defensive  - 0:00
Total
Forward - 60:00
Defense - 60:00

Play-by-Play

1st period


0:01 of 1st period - Jamie Benn wins face-off versus Brock Nelson in neutral zone.
0:07 of 1st period - Brock Nelson is hit by Rasmus Dahlin.
0:09 of 1st period - Shot by Sam Reinhart.
0:09 of 1st period - Stopped by Jack Campbell with a rebound.
0:26 of 1st period - Sam Reinhart is hit by Rasmus Dahlin and loses puck.
0:37 of 1st period - Shot by Oliver Bjorkstrand.
0:37 of 1st period - Goal by Oliver Bjorkstrand - VEGAS : 1 - CALGARY : 0.
0:38 of 1st period - Chris Tierney wins face-off versus Kyle Turris in neutral zone.
0:45 of 1st period - Shot by Chris Tierney.
0:45 of 1st period - Stopped by Braden Holtby without a rebound.
0:46 of 1st period - Chris Tierney wins face-off versus Alexander Kerfoot in VEGAS zone.
1:03 of 1st period - Shot by Brock Boeser.
1:03 of 1st period - Shot Misses the Net.
1:05 of 1st period - Shot by Mitchell Marner.
1:05 of 1st period - Stopped by Braden Holtby with a rebound.
1:11 of 1st period - Shot by Chris Tierney.
1:11 of 1st period - Goal by Chris Tierney - VEGAS : 1 - CALGARY : 1.
1:12 of 1st period - Daniel Sprong wins face-off versus Blake Coleman in neutral zone.
1:44 of 1st period - Minor Penalty to Devon Toews for Holding.
1:45 of 1st period - Brock Nelson wins face-off versus Elias Pettersson in VEGAS zone.
2:44 of 1st period - Slater Koekkoek is hit by Jamie Benn and loses puck.
2:59 of 1st period - Shot by Jaccob Slavin.
2:59 of 1st period - Stopped by Braden Holtby without a rebound.
3:00 of 1st period - Jamie Benn wins face-off versus Brock Nelson in VEGAS zone.
3:05 of 1st period - Shot by Jamie Benn.
3:05 of 1st period - Shot Misses the Net.
3:07 of 1st period - Shot by Jaccob Slavin.
3:07 of 1st period - Shot Misses the Net.
3:09 of 1st period - Shot by Jaccob Slavin.
3:09 of 1st period - Stopped by Braden Holtby without a rebound.
3:10 of 1st period - Brock Nelson wins face-off versus Mitchell Marner in VEGAS zone.
3:41 of 1st period - Shot by Chris Tierney.
3:41 of 1st period - Stopped by Braden Holtby without a rebound.
3:42 of 1st period - Jamie Benn wins face-off versus Brock Nelson in VEGAS zone.
4:51 of 1st period - Shot by Josh Anderson.
4:51 of 1st period - Stopped by Jack Campbell without a rebound.
4:52 of 1st period - Chris Tierney wins face-off versus Brock Nelson in CALGARY zone.
4:52 of 1st period - Chris Tierney is hit by Oliver Bjorkstrand.
5:18 of 1st period - Shot by Brock Nelson.
5:18 of 1st period - Stopped by Jack Campbell without a rebound.
5:18 of 1st period - Minor Penalty to Jack Campbell for Slashing.
5:19 of 1st period - Kyle Turris wins face-off versus Jamie Benn in CALGARY zone.
5:20 of 1st period - Shot by Nikita Zadorov.
5:20 of 1st period - Shot Misses the Net.
5:22 of 1st period - Shot by Nikita Zadorov.
5:22 of 1st period - Stopped by Jack Campbell without a rebound.
5:23 of 1st period - Kyle Turris wins face-off versus Jamie Benn in CALGARY zone.
5:51 of 1st period - Shot by Josh Anderson.
5:51 of 1st period - Stopped by Jack Campbell without a rebound.
5:52 of 1st period - Brock Nelson wins face-off versus Jamie Benn in CALGARY zone.
5:52 of 1st period - Brock Nelson is hit by Mikhail Sergachev.
6:50 of 1st period - Icing by Josh Anderson.
6:51 of 1st period - Chris Tierney wins face-off versus Kyle Turris in VEGAS zone.
6:51 of 1st period - Tyler Bertuzzi is hit by Nikita Zadorov and loses puck.
7:55 of 1st period - Shot by Cody Glass.
7:55 of 1st period - Deflect By Matt Luff.
7:55 of 1st period - Stopped by Jack Campbell with a rebound.
9:31 of 1st period - Shot by Oliver Bjorkstrand.
9:31 of 1st period - Shot Misses the Net.
9:33 of 1st period - Shot by Brent Seabrook.
9:33 of 1st period - Stopped by Jack Campbell without a rebound.
9:34 of 1st period - Kyle Turris wins face-off versus Derick Brassard in CALGARY zone.
9:38 of 1st period - Icing by Jake Gardiner.
9:39 of 1st period - Kyle Turris wins face-off versus Derick Brassard in CALGARY zone.
10:56 of 1st period - Shot by Chris Tierney.
10:56 of 1st period - Stopped by Braden Holtby without a rebound.
10:57 of 1st period - Jamie Benn wins face-off versus Cody Glass in VEGAS zone.
11:03 of 1st period - Jamie Benn is hit by Nick Holden and loses puck.
11:26 of 1st period - Shot by Elias Pettersson.
11:26 of 1st period - Stopped by Braden Holtby with a rebound.
11:28 of 1st period - Shot by Jamie Benn.
11:28 of 1st period - Shot Misses the Net.
11:30 of 1st period - Shot by Patrik Laine.
11:30 of 1st period - Shot Misses the Net.
11:32 of 1st period - Shot by Elias Pettersson.
11:32 of 1st period - Shot Misses the Net.
11:57 of 1st period - Minor Penalty to Derick Brassard for Holding.
11:58 of 1st period - Brock Nelson wins face-off versus Chris Tierney in CALGARY zone.
13:00 of 1st period - Icing by Kyle Turris.
13:01 of 1st period - Jamie Benn wins face-off versus Kyle Turris in VEGAS zone.
13:10 of 1st period - Shot by Blake Coleman.
13:10 of 1st period - Shot Blocked by Devon Toews.
13:13 of 1st period - Icing by Devon Toews.
13:14 of 1st period - Kyle Turris wins face-off versus Chris Tierney in VEGAS zone.
13:22 of 1st period - Mikhail Sergachev beats up Josh Anderson.
13:22 of 1st period - Penalty to Mikhail Sergachev for Fighting.
13:22 of 1st period - Penalty to Josh Anderson for Fighting.
13:22 of 1st period - Penalty to Mikhail Sergachev for instigated a fight.
13:22 of 1st period - Mikhail Sergachev is ejected from game.
13:22 of 1st period - Chris Tierney and Nick Holden fight to a draw.
13:22 of 1st period - Penalty to Chris Tierney for Fighting.
13:22 of 1st period - Penalty to Nick Holden for Fighting.
13:22 of 1st period - Minor Penalty to Zach Bogosian for Roughing.
13:22 of 1st period - Minor Penalty to Kyle Turris for Roughing.
13:22 of 1st period - Minor Penalty to Tyler Bertuzzi for Slashing.
13:23 of 1st period - Blake Coleman wins face-off versus Victor Rask in CALGARY zone.
13:23 of 1st period - Blake Coleman is hit by Victor Rask.
13:53 of 1st period - Shot by Nikita Zadorov.
13:53 of 1st period - Deflect By Alexander Kerfoot.
13:53 of 1st period - Shot Misses the Net.
14:32 of 1st period - Icing by Devon Toews.
14:33 of 1st period - Blake Coleman wins face-off versus Brock Nelson in VEGAS zone.
14:40 of 1st period - Shot by Devon Toews.
14:40 of 1st period - Shot Misses the Net.
14:42 of 1st period - Shot by Brock Nelson.
14:42 of 1st period - Deflect By Oliver Bjorkstrand.
14:42 of 1st period - Shot Misses the Net.
14:44 of 1st period - Shot by Stephen Johns.
14:44 of 1st period - Stopped by Jack Campbell without a rebound.
14:45 of 1st period - Elias Pettersson wins face-off versus Victor Rask in CALGARY zone.
14:45 of 1st period - Elias Pettersson is hit by Alexander Kerfoot.
15:05 of 1st period - Shot by Brent Seabrook.
15:05 of 1st period - Shot Blocked by Markus Nutivaara.
15:07 of 1st period - Shot by Nikita Zadorov.
15:07 of 1st period - Stopped by Jack Campbell without a rebound.
15:08 of 1st period - Blake Coleman wins face-off versus Brock Nelson in CALGARY zone.
15:13 of 1st period - Devon Toews is hit by Blake Coleman and loses puck.
15:20 of 1st period - Shot by Sam Reinhart.
15:20 of 1st period - Shot Misses the Net.
16:20 of 1st period - Shot by Brent Seabrook.
16:20 of 1st period - Stopped by Jack Campbell without a rebound.
16:21 of 1st period - Brock Nelson wins face-off versus Joel Kellman in CALGARY zone.
16:56 of 1st period - Shot by Brock Nelson.
16:56 of 1st period - Stopped by Jack Campbell without a rebound.
16:57 of 1st period - Kyle Turris wins face-off versus Jamie Benn in CALGARY zone.
17:18 of 1st period - Shot by Patrik Laine.
17:18 of 1st period - Shot Misses the Net.
17:20 of 1st period - Shot by Patrik Laine.
17:20 of 1st period - Deflect By Jamie Benn.
17:20 of 1st period - Stopped by Braden Holtby without a rebound.
17:21 of 1st period - Alexander Kerfoot wins face-off versus Blake Coleman in VEGAS zone.
17:45 of 1st period - Icing by Max Comtois.
17:46 of 1st period - Alexander Kerfoot wins face-off versus Jamie Benn in VEGAS zone.
18:42 of 1st period - Shot by Brock Nelson.
18:42 of 1st period - Stopped by Jack Campbell without a rebound.
18:43 of 1st period - Kyle Turris wins face-off versus Brock Boeser in CALGARY zone.
19:03 of 1st period - Shot by Mitchell Marner.
19:03 of 1st period - Shot Misses the Net.
19:51 of 1st period - Shot by Derick Brassard.
19:51 of 1st period - Shot Misses the Net.
19:53 of 1st period - Shot by Drake Caggiula.
19:53 of 1st period - Stopped by Braden Holtby without a rebound.
19:54 of 1st period - Cody Glass wins face-off versus Joel Kellman in VEGAS zone.
Goals for this period are 1 for VEGAS vs 1 for CALGARY.
Shots for this period are 13 for VEGAS vs 10 for CALGARY.

2nd period


0:01 of 2nd period - Jamie Benn wins face-off versus Brock Nelson in neutral zone.
0:06 of 2nd period - Shot by Patrik Laine.
0:06 of 2nd period - Stopped by Braden Holtby without a rebound.
0:07 of 2nd period - Jamie Benn wins face-off versus Brock Nelson in VEGAS zone.
1:44 of 2nd period - Shot by Alexander Kerfoot.
1:44 of 2nd period - Shot Blocked by Mitchell Marner.
1:58 of 2nd period - Shot by Alexander Kerfoot.
1:58 of 2nd period - Shot Blocked by Markus Nutivaara.
2:00 of 2nd period - Shot by Devon Toews.
2:00 of 2nd period - Stopped by Jack Campbell without a rebound.
2:01 of 2nd period - Mikhail Grigorenko wins face-off versus Derick Brassard in CALGARY zone.
2:09 of 2nd period - Off-side.
2:10 of 2nd period - Joel Kellman wins face-off versus Brock Nelson in neutral zone.
2:13 of 2nd period - Brock Nelson is hit by Drake Caggiula and loses puck.
2:27 of 2nd period - Oliver Bjorkstrand is hit by Jake Gardiner and loses puck.
3:44 of 2nd period - Shot by Max Comtois.
3:44 of 2nd period - Stopped by Jack Campbell without a rebound.
3:45 of 2nd period - Chris Tierney wins face-off versus Max Comtois in CALGARY zone.
3:49 of 2nd period - Icing by Brock Boeser.
3:50 of 2nd period - Chris Tierney wins face-off versus Alexander Kerfoot in CALGARY zone.
4:02 of 2nd period - Max Comtois is hit by Jake Gardiner and loses puck.
4:38 of 2nd period - Slater Koekkoek is hit by Derick Brassard.
4:48 of 2nd period - Shot by Derick Brassard.
4:48 of 2nd period - Stopped by Braden Holtby without a rebound.
4:49 of 2nd period - Brock Nelson wins face-off versus Jamie Benn in VEGAS zone.
4:49 of 2nd period - Brock Nelson is hit by Jamie Benn.
4:56 of 2nd period - Minor Penalty to Zach Bogosian for Holding.
4:57 of 2nd period - Jamie Benn wins face-off versus Brock Nelson in CALGARY zone.
4:57 of 2nd period - Blake Coleman is hit by Oliver Bjorkstrand and loses puck.
5:12 of 2nd period - Shot by Nikita Zadorov.
5:12 of 2nd period - Shot Blocked by Markus Nutivaara.
5:14 of 2nd period - Shot by Brock Nelson.
5:14 of 2nd period - Stopped by Jack Campbell without a rebound.
5:15 of 2nd period - Kyle Turris wins face-off versus Jamie Benn in CALGARY zone.
5:50 of 2nd period - Shot by Kyle Turris.
5:50 of 2nd period - Goal by Kyle Turris - VEGAS : 2 - CALGARY : 1.
5:51 of 2nd period - Brock Nelson wins face-off versus Chris Tierney in neutral zone.
6:23 of 2nd period - Brock Boeser is hit by Brent Seabrook and loses puck.
6:30 of 2nd period - Shot by Mitchell Marner.
6:30 of 2nd period - Shot Blocked by Brent Seabrook.
6:32 of 2nd period - Shot by Chris Tierney.
6:32 of 2nd period - Stopped by Braden Holtby without a rebound.
6:33 of 2nd period - Alexander Kerfoot wins face-off versus Joel Kellman in VEGAS zone.
6:42 of 2nd period - Shot by Matt Nieto.
6:42 of 2nd period - Stopped by Braden Holtby with a rebound.
8:30 of 2nd period - Icing by Nick Holden.
8:31 of 2nd period - Derick Brassard wins face-off versus Kyle Turris in VEGAS zone.
8:42 of 2nd period - Shot by Tyler Bertuzzi.
8:42 of 2nd period - Goal by Tyler Bertuzzi - VEGAS : 2 - CALGARY : 2.
8:43 of 2nd period - Chris Tierney wins face-off versus Brock Nelson in neutral zone.
9:06 of 2nd period - Shot by Brock Nelson.
9:06 of 2nd period - Stopped by Jack Campbell without a rebound.
9:07 of 2nd period - Alexander Kerfoot wins face-off versus Jamie Benn in CALGARY zone.
9:14 of 2nd period - Shot by Alexander Kerfoot.
9:14 of 2nd period - Shot Misses the Net.
9:24 of 2nd period - Shot by Elias Pettersson.
9:24 of 2nd period - Stopped by Braden Holtby without a rebound.
9:25 of 2nd period - Chris Tierney wins face-off versus Brock Nelson in VEGAS zone.
9:27 of 2nd period - Mitchell Marner is hit by Nikita Zadorov and loses puck.
9:39 of 2nd period - Icing by Jaccob Slavin.
9:40 of 2nd period - Chris Tierney wins face-off versus Alexander Kerfoot in CALGARY zone.
9:52 of 2nd period - Jaccob Slavin is hit by Jayce Hawryluk and loses puck.
10:46 of 2nd period - Off-side.
10:47 of 2nd period - Kyle Turris wins face-off versus Jamie Benn in neutral zone.
10:56 of 2nd period - Shot by Nick Holden.
10:56 of 2nd period - Shot Misses the Net.
10:58 of 2nd period - Shot by Josh Anderson.
10:58 of 2nd period - Shot Misses the Net.
11:00 of 2nd period - Shot by Devon Toews.
11:00 of 2nd period - Stopped by Jack Campbell with a rebound.
11:02 of 2nd period - Shot by Daniel Sprong.
11:02 of 2nd period - Shot Misses the Net.
11:06 of 2nd period - Shot by Josh Anderson.
11:06 of 2nd period - Deflect By Kyle Turris.
11:06 of 2nd period - Shot Misses the Net.
11:11 of 2nd period - Josh Anderson is hit by Markus Nutivaara and loses puck.
11:25 of 2nd period - Kyle Turris is hit by Zach Bogosian and loses puck.
13:25 of 2nd period - Minor Penalty to Devon Toews for Interference.
13:26 of 2nd period - Brock Nelson wins face-off versus Derick Brassard in VEGAS zone.
14:35 of 2nd period - Shot by Mitchell Marner.
14:35 of 2nd period - Deflect By Blake Coleman.
14:35 of 2nd period - Stopped by Braden Holtby without a rebound.
14:36 of 2nd period - Brock Nelson wins face-off versus Elias Pettersson in VEGAS zone.
14:52 of 2nd period - Icing by Patrik Laine.
14:53 of 2nd period - Elias Pettersson wins face-off versus Brock Nelson in CALGARY zone.
15:21 of 2nd period - Off-side.
15:22 of 2nd period - Oliver Bjorkstrand wins face-off versus Jamie Benn in neutral zone.
15:49 of 2nd period - Shot by Max Comtois.
15:49 of 2nd period - Shot Blocked by Rasmus Dahlin.
17:04 of 2nd period - Shot by Elias Pettersson.
17:04 of 2nd period - Shot Misses the Net.
17:06 of 2nd period - Shot by Elias Pettersson.
17:06 of 2nd period - Stopped by Braden Holtby without a rebound.
17:07 of 2nd period - Derick Brassard wins face-off versus Brock Nelson in VEGAS zone.
19:17 of 2nd period - Icing by Daniel Sprong.
19:18 of 2nd period - Kyle Turris wins face-off versus Elias Pettersson in VEGAS zone.
19:34 of 2nd period - Icing by Devon Toews.
19:35 of 2nd period - Kyle Turris wins face-off versus Derick Brassard in VEGAS zone.
Goals for this period are 1 for VEGAS vs 1 for CALGARY.
Shots for this period are 6 for VEGAS vs 8 for CALGARY.

3rd period


0:01 of 3rd period - Brock Nelson wins face-off versus Jamie Benn in neutral zone.
1:48 of 3rd period - Mitchell Marner is hit by Max Comtois and loses puck.
2:00 of 3rd period - Slater Koekkoek is hit by Zach Bogosian and loses puck.
2:50 of 3rd period - Icing by Jaccob Slavin.
2:51 of 3rd period - Derick Brassard wins face-off versus Brock Nelson in CALGARY zone.
3:19 of 3rd period - Shot by Derick Brassard.
3:19 of 3rd period - Shot Misses the Net.
3:28 of 3rd period - Brock Nelson is hit by Drake Caggiula.
3:56 of 3rd period - Shot by Jamie Benn.
3:56 of 3rd period - Stopped by Braden Holtby without a rebound.
3:57 of 3rd period - Kyle Turris wins face-off versus Joel Kellman in VEGAS zone.
4:02 of 3rd period - Joel Kellman is hit by Josh Anderson.
4:07 of 3rd period - Josh Anderson is hit by Zach Bogosian and loses puck.
4:53 of 3rd period - Shot by Jayce Hawryluk.
4:53 of 3rd period - Shot Misses the Net.
4:55 of 3rd period - Shot by Alexander Kerfoot.
4:55 of 3rd period - Shot Blocked by Zach Bogosian.
5:01 of 3rd period - Shot by Stephen Johns.
5:01 of 3rd period - Stopped by Jack Campbell without a rebound.
5:02 of 3rd period - Cody Glass wins face-off versus Jamie Benn in CALGARY zone.
5:02 of 3rd period - Matt Luff is hit by Rasmus Dahlin and loses puck.
5:07 of 3rd period - Shot by Cody Glass.
5:07 of 3rd period - Stopped by Jack Campbell without a rebound.
5:08 of 3rd period - Jamie Benn wins face-off versus Matt Luff in CALGARY zone.
5:18 of 3rd period - Icing by Matt Luff.
5:19 of 3rd period - Chris Tierney wins face-off versus Cody Glass in VEGAS zone.
5:19 of 3rd period - Chris Tierney is hit by Stephen Johns.
5:36 of 3rd period - Mitchell Marner is hit by Stephen Johns and loses puck.
5:45 of 3rd period - Shot by Mitchell Marner.
5:45 of 3rd period - Shot Hit the Post.
5:49 of 3rd period - Shot by Mitchell Marner.
5:49 of 3rd period - Shot Blocked by Stephen Johns.
5:51 of 3rd period - Shot by Rasmus Dahlin.
5:51 of 3rd period - Deflect By Mitchell Marner.
5:51 of 3rd period - Shot Misses the Net.
5:53 of 3rd period - Shot by Rasmus Dahlin.
5:53 of 3rd period - Stopped by Braden Holtby without a rebound.
5:54 of 3rd period - Brock Nelson wins face-off versus Jamie Benn in VEGAS zone.
6:05 of 3rd period - Shot by Brent Seabrook.
6:05 of 3rd period - Stopped by Jack Campbell without a rebound.
6:06 of 3rd period - Kyle Turris wins face-off versus Derick Brassard in CALGARY zone.
6:06 of 3rd period - Kyle Turris is hit by Jaccob Slavin.
6:10 of 3rd period - Shot by Kyle Turris.
6:10 of 3rd period - Stopped by Jack Campbell without a rebound.
6:11 of 3rd period - Jamie Benn wins face-off versus Brock Nelson in CALGARY zone.
6:11 of 3rd period - Jamie Benn is hit by Oliver Bjorkstrand.
6:17 of 3rd period - Shot by Patrik Laine.
6:17 of 3rd period - Shot Misses the Net.
6:19 of 3rd period - Shot by Jamie Benn.
6:19 of 3rd period - Goal by Jamie Benn - VEGAS : 2 - CALGARY : 3.
6:20 of 3rd period - Kyle Turris wins face-off versus Brock Boeser in neutral zone.
6:28 of 3rd period - Shot by Jake Gardiner.
6:28 of 3rd period - Stopped by Braden Holtby with a rebound.
6:30 of 3rd period - Shot by Chris Tierney.
6:30 of 3rd period - Stopped by Braden Holtby without a rebound.
6:31 of 3rd period - Brock Nelson wins face-off versus Jamie Benn in VEGAS zone.
6:31 of 3rd period - Brock Nelson is hit by Patrik Laine.
6:40 of 3rd period - Devon Toews is hit by Zach Bogosian and loses puck.
7:03 of 3rd period - Jamie Benn is hit by Brock Nelson and loses puck.
7:50 of 3rd period - Brent Seabrook is hit by Rasmus Dahlin and loses puck.
7:53 of 3rd period - Shot by Kyle Turris.
7:53 of 3rd period - Stopped by Jack Campbell without a rebound.
7:54 of 3rd period - Alexander Kerfoot wins face-off versus Blake Coleman in CALGARY zone.
9:17 of 3rd period - Icing by Brent Seabrook.
9:18 of 3rd period - Chris Tierney wins face-off versus Daniel Sprong in VEGAS zone.
9:25 of 3rd period - Shot by Brock Boeser.
9:25 of 3rd period - Deflect By Mitchell Marner.
9:25 of 3rd period - Shot Blocked by Nikita Zadorov.
9:57 of 3rd period - Shot by Brock Nelson.
9:57 of 3rd period - Shot Misses the Net.
10:01 of 3rd period - Shot by Devon Toews.
10:01 of 3rd period - Stopped by Jack Campbell without a rebound.
10:02 of 3rd period - Derick Brassard wins face-off versus Cody Glass in CALGARY zone.
10:19 of 3rd period - Shot by Derick Brassard.
10:19 of 3rd period - Shot Misses the Net.
10:34 of 3rd period - Icing by Devon Toews.
10:35 of 3rd period - Jamie Benn wins face-off versus Cody Glass in VEGAS zone.
10:38 of 3rd period - Shot by Jamie Benn.
10:38 of 3rd period - Stopped by Braden Holtby without a rebound.
10:39 of 3rd period - Jamie Benn wins face-off versus Brock Nelson in VEGAS zone.
11:07 of 3rd period - Sam Reinhart is hit by Jake Gardiner and loses puck.
12:58 of 3rd period - Shot by Alexander Kerfoot.
12:58 of 3rd period - Shot Blocked by Derick Brassard.
13:38 of 3rd period - Shot by Cody Glass.
13:38 of 3rd period - Shot Misses the Net.
13:47 of 3rd period - Off-side.
13:48 of 3rd period - Brock Nelson wins face-off versus Chris Tierney in neutral zone.
13:59 of 3rd period - Shot by Brock Nelson.
13:59 of 3rd period - Shot Misses the Net.
14:45 of 3rd period - Shot by Jamie Benn.
14:45 of 3rd period - Shot Blocked by Devon Toews.
14:47 of 3rd period - Shot by Elias Pettersson.
14:47 of 3rd period - Shot Misses the Net.
14:49 of 3rd period - Shot by Elias Pettersson.
14:49 of 3rd period - Deflect By Jamie Benn.
14:49 of 3rd period - Stopped by Braden Holtby without a rebound.
14:50 of 3rd period - Kyle Turris wins face-off versus Joel Kellman in VEGAS zone.
14:50 of 3rd period - Kyle Turris is hit by Drake Caggiula.
14:58 of 3rd period - Shot by Kyle Turris.
14:58 of 3rd period - Stopped by Jack Campbell without a rebound.
14:59 of 3rd period - Tyler Bertuzzi wins face-off versus Alexander Kerfoot in CALGARY zone.
15:05 of 3rd period - Rasmus Dahlin is hit by Nikita Zadorov and loses puck.
15:25 of 3rd period - Icing by Jake Gardiner.
15:26 of 3rd period - Derick Brassard wins face-off versus Daniel Sprong in CALGARY zone.
15:26 of 3rd period - Derick Brassard is hit by Josh Anderson.
15:57 of 3rd period - Shot by Brock Boeser.
15:57 of 3rd period - Shot Misses the Net.
16:17 of 3rd period - Sam Reinhart is hit by Brock Boeser and loses puck.
16:28 of 3rd period - Shot by Sam Reinhart.
16:28 of 3rd period - Shot Blocked by Zach Bogosian.
16:28 of 3rd period - Zach Bogosian from CALGARY is injured at 16:28 of 3rd period (Bruised Right Shoulder).
16:29 of 3rd period - Alexander Kerfoot wins face-off versus Elias Pettersson in CALGARY zone.
16:29 of 3rd period - Alexander Kerfoot is hit by Jaccob Slavin.
16:34 of 3rd period - Icing by Jaccob Slavin.
16:35 of 3rd period - Brock Nelson wins face-off versus Jamie Benn in CALGARY zone.
16:50 of 3rd period - Shot by Elias Pettersson.
16:50 of 3rd period - Shot Misses the Net.
17:31 of 3rd period - Off-side.
17:32 of 3rd period - Kyle Turris wins face-off versus Chris Tierney in neutral zone.
18:14 of 3rd period - Minor Penalty to Josh Anderson for Interference.
18:15 of 3rd period - Brock Nelson wins face-off versus Elias Pettersson in VEGAS zone.
18:15 of 3rd period - Brock Nelson is hit by Patrik Laine.
18:22 of 3rd period - Icing by Elias Pettersson.
18:23 of 3rd period - Brock Nelson wins face-off versus Elias Pettersson in CALGARY zone.
18:38 of 3rd period - Brent Seabrook is hit by Patrik Laine and loses puck.
19:46 of 3rd period - Shot by Patrik Laine.
19:46 of 3rd period - Shot Blocked by Brent Seabrook.
19:48 of 3rd period - Shot by Chris Tierney.
19:48 of 3rd period - Goal by Chris Tierney - VEGAS : 2 - CALGARY : 4.
19:49 of 3rd period - Kyle Turris wins face-off versus Joel Kellman in neutral zone.
Goals for this period are 0 for VEGAS vs 2 for CALGARY.
Shots for this period are 7 for VEGAS vs 8 for CALGARY.